 Dungeon Crawl Stone Soup version 0.20-a0-540-ge6d1839 (webtiles) character file.

49 Rhoefr the Digger (level 3, 0/21 HPs)
             Began as an Octopode Earth Elementalist on Jan 29, 2017.
             Slain by Natasha (7 damage)
             ... on level 2 of the Dungeon.
             The game lasted 00:03:07 (1534 turns).

Rhoefr the Digger (Octopode Earth Elementalist)     Turns: 1534, Time: 00:03:08

Health: 0/21       AC:  1    Str:  7    XL:     3   Next: 77%
Magic:  14/15      EV: 13    Int: 18    God:
Gold:   97         SH:  0    Dex: 12    Spells: 3/6 levels left

rFire    . . .     SeeInvis .   f - +0 dagger
rCold    . . .     Gourm    .   (no shield)
rNeg     . . .     Faith    .   (helmet restricted)
rPois    .         Spirit   .   (no amulet)
rElec    .         Reflect  .   k - ring of magical power
rCorr    .         Harm     .   (no ring)
MR       .....                  (no ring)
Stlth    +++.......             (no ring)
Regen    0.1/turn               (no ring)
                                (no ring)
                                (no ring)
                                (no ring)

@: no status effects
A: almost no armour, stealthy swim, amphibious, 8 rings, constrict 8, camouflage
1, gelatinous body 1
a: no special abilities


You were on level 2 of the Dungeon.
You were not hungry.

You visited 1 branch of the dungeon, and saw 2 of its levels.

You collected 97 gold pieces.

Inventory:

Hand Weapons
 f - a +0 dagger (weapon)
Missiles
 b - 51 stones (quivered)
Jewellery
 k - a ring of magical power (left tentacle)
Scrolls
 e - a scroll of teleportation {unknown}
 g - a scroll of fear {unknown}
 h - 3 scrolls of remove curse
 i - a scroll of recharging
 l - a scroll of noise {unknown}
 s - a scroll of blinking {unknown}
Potions
 m - 2 potions of lignification
 r - a potion of ambrosia
Books
 d - a book of Geomancy

   Spells                             Type                      Level
   a - Sandblast                      Earth                        1
   b - Passwall                       Transmutation/Earth          2
   c - Stone Arrow                    Conjuration/Earth            3
   d - Petrify                        Transmutation/Earth          4
   e - Lee's Rapid Deconstruction     Earth                        5
Comestibles
 c - 2 bread rations
 j - a royal jelly
 p - 4 fruits
 q - 3 chunks of flesh


   Skills:
 - Level 0.2 Fighting
 - Level 0.2 Short Blades
 - Level 2.1 Dodging
 + Level 3.4 Stealth
 - Level 2.2 Spellcasting
 + Level 1.4 Transmutations
 + Level 3.8 Earth Magic


You had 3 spell levels left.
You knew the following spells:

 Your Spells              Type           Power        Failure   Level  Hunger
a - Sandblast             Erth           ###...       4%          1    #......
b - Passwall              Tmut/Erth      ##........   12%         2    ##.....


Dungeon Overview and Level Annotations

Branches:
Dungeon (2/15)

Altars:
Okawaru
Xom
Zin

Annotations:
D:2 Natasha


Innate Abilities, Weirdness & Mutations

You cannot wear most types of armour.
You are very stealthy in the water. (Stealth+)
You are amphibious.
You can wear up to eight rings at the same time.
You can use your tentacles to constrict eight enemies at once.
Your skin changes colour to match your surroundings (Stealth+).
Your rubbery body absorbs attacks. (AC +1, EV +1)


Message History

There is a stone staircase leading up here.
h - 3 scrolls of remove curse (gained 1) Natasha, Servant of Life and Death comes into view.
Natasha hisses angrily.
Natasha stares at you and mumbles some strange words.
The magic dart hits you!
Found a stone staircase leading down.
Casting: Sandblast
Confirm with . or Enter, or press ? or * to list all spells.
You can't see any susceptible monsters within range! (Use Z to cast anyway.)
Casting: Sandblast
Confirm with . or Enter, or press ? or * to list all spells.
Aiming: Sandblast
Press: ? - help, Shift-Dir - straight line, f - Natasha
Aim: Natasha The blast of sand hits Natasha.
Natasha is lightly wounded.
b - 51 stones Natasha claws you!
You die...

...<..# .###..######
## ............ >#
.###..############.#
.# #.............#.#
.# #..##########.#.#
.# #..# #.#.#
.###..### #...#
........# #@###
.###............h#
.# ####.########.#
.# #.# ## #.. #.#
#.# ## #.# .#


You could see Natasha.

Vanquished Creatures
  A gnoll (D:1)
  An adder (D:2)
  An ooze (D:2)
  2 worms
  A dart slug (D:1)
  A leopard gecko (D:2)
  A giant cockroach (D:2)
  2 goblins (D:2)
  2 bats (D:1)
  2 frilled lizards
  5 kobolds
  A rat (D:2)
20 creatures vanquished.

Notes
Turn   | Place    | Note
-------+----------+-------------------------------------------
     0 | D:1      | Rhoefr the Octopode Earth Elementalist began the quest for the Orb.
     0 | D:1      | Reached XP level 1. HP: 11/11 MP: 3/3
   535 | D:1      | Found a shimmering altar of Xom.
   537 | D:1      | Found a shimmering altar of Xom.
   537 | D:1      | Found a glowing silver altar of Zin.
   539 | D:1      | Found a stormy altar of Qazlal.
   539 | D:1      | Found a burning altar of Makhleb.
   539 | D:1      | Found an iron altar of Okawaru.
   540 | D:1      | Reached XP level 2. HP: 17/17 MP: 5/5
  1033 | D:2      | Reached XP level 3. HP: 19/21 MP: 6/6
  1078 | D:2      | Learned a level 2 spell: Passwall
  1530 | D:2      | Noticed Natasha
  1534 | D:2      | Slain by Natasha

Vault maps used:
D:1:      dpeg_arrival_brainrot, doesnt_xom_only_xom
D:2:      uniq_natasha

Skill      XL: |  1  2  3 |
---------------+----------+-----
Stealth        | 3 |  3.4
Fighting       | |  0.2
Short Blades   | |  0.2
Dodging        | |  2.1
Spellcasting   | |  2.2
Transmutations | |  1.4
Earth Magic    | |  3.8

Action                   || total
-------------------------++-------
Melee: Dagger            ||    25
       Constrict         ||     8
       Short sword       ||     3
       Unarmed           ||     3
       Tentacles         ||     2
Throw: Stone             ||     3
 Cast: Sandblast         ||    14
  Use: Scroll            ||     6
 Stab: Sleeping          ||     8
  Eat: Chunk             ||     2
Armor: Skin              ||     3
Dodge: Dodged            ||    20
